 Dungeon Crawl Stone Soup version 0.17-a0-1562-g9b2c768 (webtiles) character file.

134367 namelastname112 the Fencer (level 16, -2/144 HPs)
             Began as a Red Draconian Skald on July 20, 2015.
             Was the Champion of Fedhas.
             Slain by a boulder beetle (37 damage)
             ... on level 3 of the Spider Nest.
             The game lasted 01:28:12 (39867 turns).

namelastname112 the Fencer (Red Draconian Skald)   Turns: 39867, Time: 01:28:14

Health: -2/144     AC: 15    Str: 16    XL:     16   Next: 62%
Magic:  16/27      EV: 26    Int: 12    God:    Fedhas [******]
Gold:   3050       SH: 13    Dex: 17    Spells: 1 memorised, 18 levels left

rFire  + . .     SeeInvis .     Q - +9 demon blade (elec)
rCold  . . .     Clarity  +     (armour unavailable)
rNeg   + . .     SustAt   .     Z - +2 shield {rN+}
rPois  +         Gourm    .     L - +2 hat
rElec  .         Spirit   .     E - +0 cloak {MR+}
rCorr  .         Warding  .     t - +0 pair of gloves
rMut   .         Stasis   .     p - +1 pair of boots {run}
MR     ++...                    U - amulet of clarity
Stlth  ++........               M - +6 ring of evasion
                                y - ring of poison resistance

@: quick, very resistant to hostile enchantments, unstealthy
A: breathe fire, unfitting armour, horns 1, fire resistance 1, cold-blooded, AC
+9
a: Breathe Fire, Evolution, Sunlight, Growth, Reproduction, Rain, Renounce
Religion


You were on level 3 of the Spider Nest.
You worshipped Fedhas.
Fedhas was exalted by your worship.
You were hungry.

You visited 5 branches of the dungeon, and saw 31 of its levels.
You also visited: Labyrinth, Bailey, Ice Cave and Volcano.

You collected 3587 gold pieces.
You spent 537 gold pieces at shops.

Inventory:

Hand weapons
 Q - a +9 demon blade of electrocution (weapon)
Armour
 p - a +1 pair of boots of running (worn)
 t - a +0 pair of gloves (worn)
 E - a +0 cloak of magic resistance (worn)
 L - a +2 hat (worn)
 Z - a +2 shield of positive energy (worn)
Rods
 V - a +3 rod of destruction (9/9)
   (You found it in a labyrinth)
 X - a +4 rod of the swarm (13/13)
   (You found it in a labyrinth)
Jewellery
 i - an uncursed ring of wizardry
 n - an uncursed amulet of stasis
 y - a ring of poison resistance (left hand)
 F - an uncursed amulet of guardian spirit
 M - a +6 ring of evasion (right hand)
 O - an uncursed ring of protection from cold
 U - an amulet of clarity (around neck)
Magical devices
 g - a wand of cold (2)
 h - a wand of flame (19)
 l - a wand of frost (30)
 B - a wand of slowing (33)
 C - a wand of fire (9)
 P - a wand of flame (15)
 R - a wand of disintegration (19)
Scrolls
 b - 2 scrolls of enchant weapon
 d - 3 scrolls of enchant armour
 e - 13 scrolls of teleportation
 j - 15 scrolls of remove curse
 k - 3 scrolls of blinking
 r - a scroll of fear
 u - a scroll of fog
 w - 2 scrolls of amnesia
 D - a scroll of recharging
 G - 2 scrolls of summoning
 K - 10 scrolls of identify
 Y - a scroll of magic mapping
Potions
 f - 7 potions of curing
 m - 3 potions of haste
 o - 4 potions of brilliance
 q - 6 potions of berserk rage
 s - 5 potions of resistance
 x - 9 potions of might
 z - 3 potions of invisibility
 I - 2 potions of agility
 N - 3 potions of magic
Books
 v - a book of the Tempests

   Spells                             Type                      Level
   a - Static Discharge               Conjuration/Air              3
   b - Lightning Bolt                 Conjuration/Air              5
   c - Fireball                       Conjuration/Fire             5
   d - Tornado                        Air                          9
   e - Shatter                        Earth                        9
 H - a book of the Sky

   Spells                             Type                      Level
   a - Summon Lightning Spire         Summoning/Air                4
   b - Airstrike                      Air                          4
   c - Silence                        Hexes/Air                    5
   d - Deflect Missiles               Charms/Air                   6
   e - Conjure Ball Lightning         Conjuration/Air              6
   f - Tornado                        Air                          9
Miscellaneous
 S - a phial of floods
 W - a sack of spiders
Comestibles
 a - 4 meat rations
 c - 9 bread rations
 A - 7 fruits
 T - 2 chunks of flesh


   Skills:
 + Level 13.5 Fighting
 * Level 16.6 Long Blades
 + Level 11.6 Dodging
 + Level 9.1 Shields
 - Level 2.0 Spellcasting
 - Level 2.6 Charms
 * Level 15.4 Invocations
 + Level 6.3 Evocations


You had 18 spell levels left.
You knew the following spells:

 Your Spells              Type           Power        Failure   Level  Hunger
a - Infusion              Chrm           #.....       21%         1    ##.....


Dungeon Overview and Level Annotations

Branches:
Dungeon (15/15)            Temple (1/1) D:4            Lair (8/8) D:8
 Shoals (0/4) Lair:3       Spider (3/4) Lair:5        Slime (0/6) Lair:8
    Orc (4/4) D:12            Elf (0/3) Orc:4        Vaults (0/5) D:14
 Depths (0/5) D:15

Altars:
Ashenzari
Cheibriados
Dithmenos
Elyvilon
Fedhas
Gozag
Kikubaaqudgha
Makhleb
Nemelex Xobeh
Okawaru
Qazlal
Ru
Sif Muna
Trog
Vehumet
Xom
Yredelemnul
Zin
The Shining One
Beogh
Jiyva

Shops:
D:7 *   D:10 (   D:12 :   Orc:4 :*=([


Innate Abilities, Weirdness & Mutations

You can breathe blasts of fire.
Your fiery red scales are hard (AC +9).
Your body does not fit into most forms of armour.
Your flesh is heat resistant.
You are cold-blooded and may be slowed by cold attacks.
You have a pair of small horns on your head.


Message History

The boulder beetle smashes into you!
* * * LOW HITPOINT WARNING * * *
The boulder beetle stops rolling.
You are too injured to fight recklessly!
You are too injured to fight recklessly!
You are too injured to fight recklessly!
You are too injured to fight recklessly!
You are too injured to fight recklessly!
You are too injured to fight recklessly!
You hit the boulder beetle.
The boulder beetle is moderately wounded.
You slash the boulder beetle!
You headbutt the boulder beetle, but do no damage.
Your tail-slap misses the boulder beetle.
The boulder beetle is heavily wounded.
You feel you are being watched by something.
You feel your power leaking away. The boulder beetle bites you!!!
You die...
Fedhas appreciates your contribution to the ecosystem.

......^............#......
..........................
..........................
..<..............f....#...
..........................
.[.^.................(....
..........................
..........................
...)B...........@$........
...............B......?..
.......#^......§.........
.... ..........{..... ....
............>... ....
.........#....# >...
....#...≈≈..!.# ....
....#.......### (...


You could see a boulder beetle and a friendly wandering mushroom.

Vanquished Creatures
  Arachne (Spider:2)
  Frances (Spider:1)
  The ghost of namelastname112 the Unseen, a mighty DrSk of Okawaru (Spider:2)
  An emperor scorpion (Spider:2)
  A ghost moth (Spider:2)
  An orc warlord (Orc:4)
  Azrael (Spider:1)
  An ettin (Orc:3)
  A minotaur (Lab)
  2 vault guards (D:14)
  An ogre mage (D:15)
  Josephine (Lair:8)
  An entropy weaver (Spider:1)
  6 hydras
  Harold (Orc:1)
  A centaur warrior (D:13)
  A catoblepas (Lair:6)
  A vampire mage (D:15)
  5 orc high priests (Orc:4)
  9 death yaks
  Urug (D:14)
  5 skeletal warriors
  4 ice devils
  2 unseen horrors
  A swamp dragon (shapeshifter) (D:15)
  4 necromancers
  3 ice statues (IceCv)
  5 hill giants
  2 wizards (D:14)
  5 orc knights
  A lindwurm (Volcano)
  A hornet (Spider:1)
  An ugly thing (D:11)
  10 wolf spiders
  2 griffons
  9 orb spiders
  5 cyclopes
  2 orc sorcerers (Orc:4)
  A moth of wrath (Spider:3)
  15 elephants
  A frost giant skeleton (D:15)
  3 black mambas
  2 gargoyles
  A torpor snail (Spider:3)
  4 komodo dragons
  A yaktaur (shapeshifter) (D:15)
  8 spiny frogs
  2 molten gargoyles (Volcano)
  3 demonic crawlers
  4 fire drakes
  4 polar bears
  A tengu conjurer (D:14)
  11 jumping spiders
  6 blue devils (IceCv)
  10 trolls
  A boulder beetle (Spider:2)
  A wind drake (shapeshifter) (D:14)
  2 minotaur skeletons (Lab)
  A two-headed ogre (D:15)
  6 slime creatures (D:15)
  8 blink frogs
  4 wraiths
  A spriggan skeleton (D:15)
  A wyvern (D:10)
  12 trapdoor spiders
  An ice dragon skeleton (D:15)
  A spriggan (Lair:1)
  An ettin skeleton (D:15)
  9 tarantellas
  27 redbacks
  7 fire bats (Volcano)
  36 yaks
  4 fire elementals (Spider:1)
  17 hippogriffs
  20 humans (D:14)
  4 mottled dragons
  5 deep elf magi
  7 hungry ghosts
  9 vampire mosquitoes
  3 basilisks
  12 wolves
  2 soldier ants (D:12)
  2 wargs
  5 hell hounds
  A steam dragon (D:14)
  17 water moccasins
  8 spiders
  A black bear (shapeshifter) (D:14)
  28 orc warriors
  5 sky beasts
  A black bear (Lair:8)
  2 necrophages
  11 ogres
  3 ice beasts
  12 porcupines
  3 phantoms
  A centaur (D:6)
  5 big kobolds
  8 crocodiles
  3 wasps
  14 giant frogs
  A brain worm (D:12)
  2 earth elementals (Lab)
  20 killer bees
  9 scorpions
  5 electric eels
  17 wights
  A lava snake (Volcano)
  2 draconian simulacra (IceCv)
  15 crimson imps
  2 centaur zombies
  9 jellies
  A giant frog zombie (D:6)
  6 hounds
  13 iguanas
  Crazy Yiuf (D:4)
  8 centaur skeletons
  19 orc priests
  2 giant frog skeletons
  An iron imp (D:8)
  8 hell rats (Lair:7)
  Natasha (twice) (D:4)
  23 orc wizards
  7 worker ants
  2 troll simulacra (IceCv)
  28 sheep
  A hound zombie (D:6)
  A hound skeleton (D:7)
  4 gnolls (D:5)
  7 adders
  2 ogre simulacra (IceCv)
  83 river rats
  4 naga simulacra (IceCv)
  2 shadow imps
  2 oozes
  8 worms
  175 orcs
  19 bats
  6 giant cockroaches
  15 hobgoblins
  14 jackals
  5 quokkas
  4 giant geckos
  5 giant newts
  2 gnoll zombies (D:6)
  24 goblins
  41 kobolds
  29 rats
  A ballistomycete (Orc:4)
  2 fungi (Orc:4)
  2 giant spores (D:14)
1172 creatures vanquished.

Vanquished Creatures (collateral kills)
  The ghost of namelastname112 the Slicer, a powerful DrFE of Dithmenos (Lair:3)
  Snorg (D:11)
  A hydra (Lair:1)
  A catoblepas (Lair:8)
  A wandering mushroom (Lair:7)
  A deep troll shaman (Lair:8)
  6 death yaks
  Nergalle (Lair:2)
  An elephant (Lair:6)
  A spiny frog (Lair:1)
  A troll (D:10)
  5 blink frogs (Lair:2)
  3 yaks
  3 basilisks (Lair:8)
  2 wraiths (Lair:8)
  2 wolves (Lair:2)
  A spider (Spider:3)
  An orc warrior (Orc:4)
  8 river rats
  2 fungi
  3 giant spores
  A toadstool (Lair:7)
47 creatures vanquished.

Vanquished Creatures (others)
  8 oklob plants
  A wolf spider zombie (D:15)
  A wolf spider (Spider:1)
  8 wandering mushrooms
  A ballistomycete (Orc:4)
  18 fungi
  A giant spore (Orc:4)
  9 plants
  951 toadstools
998 creatures vanquished.

Grand Total: 2217 creatures vanquished

Notes
Turn   | Place    | Note
--------------------------------------------------------------
     0 | D:1      | namelastname112 the Draconian Skald began the quest for the Orb.
     0 | D:1      | Reached XP level 1. HP: 17/17 MP: 3/3
   487 | D:1      | Reached XP level 2. HP: 22/25 MP: 5/5
  1002 | D:2      | Found a radiant altar of Vehumet.
  1296 | D:2      | Found a white marble altar of Elyvilon.
  1332 | D:2      | Reached skill level 3 in Long Blades
  1450 | D:2      | Reached XP level 3. HP: 21/30 MP: 6/6
  1564 | D:2      | Found a glowing silver altar of Zin.
  1694 | D:3      | Reached XP level 4. HP: 23/38 MP: 7/7
  2155 | D:3      | Found a white marble altar of Elyvilon.
  2608 | D:4      | Reached skill level 4 in Long Blades
  2608 | D:4      | Reached XP level 5. HP: 14/45 MP: 8/8
  3062 | D:4      | Identified a +0 pair of boots of running (You found it on level 4 of the Dungeon)
  3078 | D:4      | Found a shimmering altar of Xom.
  3126 | D:4      | Noticed Natasha
  3137 | D:4      | Killed Natasha
  3154 | D:5      | Entered Level 5 of the Dungeon
  3397 | D:4      | Reached XP level 6. HP: 45/52 MP: 9/9
  3505 | D:4      | Reached skill level 5 in Long Blades
  3702 | D:4      | Found a staircase to the Ecumenical Temple.
  3874 | Temple   | Entered the Ecumenical Temple
  4041 | D:4      | Noticed Crazy Yiuf
  4058 | D:4      | Killed Crazy Yiuf
  4178 | D:4      | Noticed Natasha
  4182 | D:4      | Killed Natasha
  4324 | D:5      | Noticed a phantom
  4351 | D:5      | Killed a phantom
  4351 | D:5      | Your scales start taking on a fiery red colour.
  4351 | D:5      | Gained mutation: Your flesh is heat resistant. [Red Draconian growth]
  4351 | D:5      | Reached XP level 7. HP: 50/60 MP: 10/10
  4582 | D:5      | Reached skill level 6 in Long Blades
  4939 | D:5      | Reached skill level 5 in Fighting
  5497 | D:6      | Found a sacrificial altar of Ru.
  5848 | D:6      | Reached skill level 7 in Long Blades
  5848 | D:6      | Reached XP level 8. HP: 60/68 MP: 11/11
  6557 | D:6      | Found a basalt altar of Yredelemnul.
  6922 | D:6      | Found a deep blue altar of Sif Muna.
  6923 | D:6      | Found a shattered altar of Ashenzari.
  7231 | D:7      | Reached skill level 8 in Long Blades
  7231 | D:7      | Reached skill level 5 in Dodging
  7873 | D:7      | Found Rangil's Assorted Antiques.
  7882 | D:7      | Bought a scroll labeled HUTUCZ ZAGREL for 29 gold pieces
  7882 | D:7      | Bought an ancient glaive for 333 gold pieces
  7882 | D:7      | Identified the +2 glaive "Aserchykh" {venom, Int+4} (You bought it in a shop on level 7 of the Dungeon)
  7959 | D:7      | Found a snail-covered altar of Cheibriados.
  8060 | D:7      | Reached XP level 9. HP: 68/77 MP: 12/12
  8303 | D:7      | Reached skill level 9 in Long Blades
  9797 | D:8      | Noticed a cyclops
  9803 | D:8      | Reached skill level 10 in Long Blades
  9807 | D:8      | Killed a cyclops
  9987 | D:8      | Reached XP level 10. HP: 59/88 MP: 13/13
 10125 | D:8      | Found a blossoming altar of Fedhas.
 10144 | D:8      | Became a worshipper of Fedhas Madash
 10291 | D:8      | Found a radiant altar of Vehumet.
 10321 | D:8      | Found a blossoming altar of Fedhas.
 10382 | D:8      | Found a snail-covered altar of Cheibriados.
 10491 | D:8      | Found a staircase to the Lair.
 10706 | D:9      | Reached skill level 1 in Invocations
 10782 | D:9      | Gained mutation: You are dopey. (Int -2) [mutagenic meat]
 10783 | D:9      | Lost mutation: You are dopey. (Int -2) [mutagenic meat]
 10784 | D:9      | Gained mutation: You are clumsy. (Dex -2) [mutagenic meat]
 10785 | D:9      | Gained mutation: You are occasionally teleported to nearby monsters. [mutagenic meat]
 10792 | D:9      | Found a flagged portal.
 10846 | Bailey   | Entered a bailey
 11037 | Bailey   | Acquired Fedhas's first power
 11060 | Bailey   | Noticed an orc knight
 11080 | Bailey   | Killed an orc knight
 11165 | Bailey   | Got a faintly glowing scythe
 11194 | Bailey   | Noticed an orc knight
 11206 | Bailey   | Killed an orc knight
 11337 | D:9      | Reached skill level 11 in Long Blades
 11906 | D:9      | Found a shadowy altar of Dithmenos.
 12235 | D:10     | Entered Level 10 of the Dungeon
 12295 | D:10     | Reached skill level 5 in Invocations
 12342 | D:10     | HP: 4/91 [yak (16)]
 12343 | D:10     | Reached XP level 11. HP: 15/97 MP: 15/15
 12363 | D:10     | Acquired Fedhas's second power
 12695 | D:10     | Noticed Psyche
 12697 | D:10     | Noticed Psyche
 12697 | D:10     | Psyche changed into Psyche the blink frog
 12706 | D:10     | Killed Psyche the blink frog
 12811 | D:10     | Noticed a hill giant
 12819 | D:10     | Killed a hill giant
 12926 | D:10     | Noticed a hill giant
 13604 | D:10     | Killed a hill giant
 13884 | D:10     | Reached skill level 12 in Long Blades
 14119 | D:10     | Found Feguth's Antique Weapon Emporium.
 14123 | D:10     | Bought a runed great sword for 175 gold pieces
 14515 | D:11     | Noticed a hill giant
 14524 | D:11     | Killed a hill giant
 15361 | D:11     | Noticed Snorg
 15375 | D:11     | Killed Snorg
 15709 | D:11     | Gained mutation: Your spells are a little easier to cast, but a little less powerful. [mutagenic meat]
 15710 | D:11     | Gained mutation: You are frail (-10% HP). [mutagenic meat]
 15740 | D:11     | Identified the cursed +2 scythe of Gadi {antimagic, Int+4} (You found it in a bailey)
 15853 | Lair:1   | Entered Level 1 of the Lair of Beasts
 15975 | Lair:1   | Reached skill level 10 in Fighting
 16155 | Lair:1   | Acquired Fedhas's third power
 16239 | Lair:1   | Noticed a six-headed hydra
 16247 | Lair:1   | HP: 4/89 [six-headed hydra (11)]
 16265 | Lair:1   | Killed a six-headed hydra
 16536 | Lair:1   | Lost mutation: You are frail (-10% HP). [potion of cure mutation]
 16536 | Lair:1   | Lost mutation: You are clumsy. (Dex -2) [potion of cure mutation]
 16536 | Lair:1   | Lost mutation: Your spells are a little easier to cast, but a little less powerful. [potion of cure mutation]
 16769 | Lair:1   | Noticed a four-headed hydra
 16828 | Lair:1   | Killed a five-headed hydra
 16828 | Lair:1   | Reached XP level 12. HP: 27/106 MP: 18/18
 16873 | Lair:1   | Reached skill level 1 in Shields
 17447 | Lair:2   | Noticed an eight-headed hydra
 17492 | Lair:2   | Killed a nine-headed hydra
 18037 | Lair:2   | Reached skill level 13 in Long Blades
 18135 | Lair:2   | Noticed Nergalle
 18150 | Lair:2   | Killed Nergalle
 19086 | Lair:3   | HP: 3/108 [river rat (5)]
 19095 | Lair:3   | Noticed namelastname112's ghost (powerful DrFE)
 19097 | Lair:3   | Acquired Fedhas's fourth power
 19493 | Lair:3   | Found a staircase to the Shoals.
 19882 | Lair:3   | Killed namelastname112's ghost
 19882 | Lair:3   | Reached skill level 10 in Invocations
 20458 | Lair:4   | Found a dark tunnel.
 20465 | Volcano  | Entered a volcano
 20751 | Volcano  | Found a burning altar of Makhleb.
 21083 | Volcano  | Reached XP level 13. HP: 101/115 MP: 20/20
 21346 | Lair:4   | Identified a scroll of acquirement
 21956 | Lair:5   | Acquired Fedhas's fifth power
 22088 | Lair:5   | Found a hole to the Spider Nest.
 23059 | Lair:6   | Reached skill level 14 in Long Blades
 24376 | Lair:7   | Found a labyrinth entrance.
 24387 | Lab      | Entered a labyrinth
 24455 | Lab      | Reached skill level 5 in Shields
 24476 | Lab      | Found an exit through the horrors of the Abyss.
 24512 | Lab      | Reached skill level 10 in Dodging
 24592 | Lab      | Identified A Thorough Guide to Witchery
 24617 | Lab      | Identified a +3 rod of destruction (9/9) (You found it in a labyrinth)
 24618 | Lab      | Identified a +4 rod of the swarm (13/13) (You found it in a labyrinth)
 25136 | Lair:7   | Reached XP level 14. HP: 67/125 MP: 12/23
 25158 | Lair:7   | Reached skill level 1 in Evocations
 26021 | Lair:8   | Entered Level 8 of the Lair of Beasts
 26021 | Lair:8   | Noticed Josephine
 26039 | Lair:8   | Killed Josephine
 26800 | Lair:8   | Found a staircase to the Slime Pits.
 26801 | Lair:8   | Found a viscous altar of Jiyva.
 27818 | D:12     | Reached skill level 15 in Long Blades
 27925 | D:12     | Found a staircase to the Orcish Mines.
 28001 | D:12     | You fall through a shaft for 2 floors!
 28090 | D:14     | Found a viscous altar of Jiyva.
 28111 | D:14     | Paralysed by a wizard for 6 turns
 28163 | D:12     | Lost mutation: You are occasionally teleported to nearby monsters. [mutagenic meat]
 28164 | D:12     | Gained mutation: You have a pair of small horns on your head. [mutagenic meat]
 28652 | D:12     | Found Pys Yrph's Book Shop.
 28887 | Orc:1    | Entered Level 1 of the Orcish Mines
 28992 | Orc:1    | Noticed Harold
 29004 | Orc:1    | Killed Harold
 30558 | Orc:4    | Entered Level 4 of the Orcish Mines
 30578 | Orc:4    | Found a staircase to the Elven Halls.
 30602 | Orc:4    | Found Seff's Antique Weapon Shop.
 30603 | Orc:4    | Found Caasaosch's Antique Armour Shoppe.
 31126 | Orc:4    | Found Hoexzu's Book Shoppe.
 31198 | Orc:4    | Found Tiritt's General Store.
 31240 | Orc:4    | Reached XP level 15. HP: 120/134 MP: 24/24
 31247 | Orc:4    | Noticed an orc warlord
 31248 | Orc:4    | Found Moptasiwe's Jewellery Boutique.
 31630 | Orc:4    | Killed an orc warlord
 31951 | Orc:4    | Found a roughly hewn altar of Beogh.
 33225 | D:14     | Noticed Urug
 33237 | D:14     | Killed Urug
 33602 | D:14     | Found a gate to the Vaults.
 33616 | D:14     | Reached skill level 5 in Evocations
 33801 | D:15     | Entered Level 15 of the Dungeon
 33884 | D:15     | Found a staircase to the Depths.
 33981 | D:15     | Found a frozen archway.
 33998 | IceCv    | Entered an ice cave
 34600 | IceCv    | Reached skill level 16 in Long Blades
 35766 | Spider:1 | Entered Level 1 of the Spider Nest
 35790 | Spider:1 | Noticed Frances
 35805 | Spider:1 | Killed Frances
 36189 | Spider:1 | Noticed Azrael
 36220 | Spider:1 | Reached XP level 16. HP: 114/143 MP: 26/26
 36248 | Spider:1 | Killed Azrael
 37016 | Spider:2 | Noticed Arachne
 37040 | Spider:2 | Killed Arachne
 37648 | Spider:2 | Noticed namelastname112's ghost (mighty DrSk)
 37661 | Spider:2 | Killed namelastname112's ghost
 37661 | Spider:2 | Reached skill level 15 in Invocations
 39867 | Spider:3 | Slain by a boulder beetle

Vault maps used:
D:1:      minmay_arrival_widening_spiral_wide
D:2:      zin_scriptorium, vehumet_crystals, old_standard_altar
D:3:      minmay_hedge_maze, elyvilon_altar_1
D:4:      led_xom_imps, minmay_temple_entry_hall, uniq_natasha,
          uniq_crazy_yiuf_cottage
D:5:      first_bread
D:6:      nicolae_ru_awakened_eye, lemuel_zombie_altar_yredelemnul,
          gammafunk_temple_overflow_pools, nrook_pool_corridor
D:7:      serial_shops, shop, basic_altar
D:8:      kennysheep_big_flooded_room, fedhas_altar_1, slow_altar_2,
          lair_0_dummy, basic_altar, hangedman_tree_tricks
D:9:      nicolae_dithmenos_through_a_glass_darkly, serial_co_window_serial,
          co_window_corner_a, co_window_of_opportunity_a,
          co_window_of_opportunity_a, co_window_corner_a,
          co_window_of_opportunity_a, co_window_2corner,
          co_window_of_opportunity_b, co_window_paths_c,
          co_window_of_opportunity_b, co_window_4corner_b, enter_bailey_3
D:10:     kennysheep_six_static_rooms, serial_shops, kennysheep_mini,
          serial_park_tiny_2, columned_hall_lemuel, uniq_psyche
D:11:     serial_bayou, serial_bayou_pond_e, serial_bayou_pond_a,
          serial_bayou_pond_c, serial_bayou_crossing, serial_bayou_lagoon_a,
          serial_bayou_pond_e, grunt_decor_resistance, uniq_snorg
D:12:     david_orc_2, serial_shops, shop
D:14:     grunt_vaults_entry_tiered, fountainhead, jiyva_altar_1, uniq_urug
D:15:     gammafunk_depths_entry_grave, portal_ice_cave_demonic_guard,
          glass_columns_b
Temple:   circular_temple_pool_8
Lair:1:   wad_woods_04, infiniplex_staircase_pool
Lair:2:   bh_chokoban, beast_lair_carwin_3, serial_bayou_shore_a,
          lemuel_fruit_tree, infiniplex_staircase_pool_2, uniq_nergalle
Lair:3:   elwin_shoals_entry_rocks, grunt_megastairs_4
Lair:4:   enter_volcano_2, bh_autumn_forest_stairs
Lair:5:   nicolae_spider_entry_non_spiders
Lair:6:   beast_lair_carwin_4
Lair:7:   lemuel_ratsnest, lab_entry_generic
Lair:8:   grunt_lair_end_beastmaster, slime_altar_1, kennysheep_basilisk_garden,
          uniq_josephine
Spider:1: uniq_frances, uniq_azrael
Spider:2: uniq_arachne
Orc:1:    uniq_harold
Orc:2:    mines2_lemuel
Orc:3:    nicolae_orc_pool_cavern
Orc:4:    grunt_orc_gardens, grunt_orc_garden, grunt_orc_garden,
          grunt_orc_garden, grunt_orc_garden, serial_shops, shop,
          bh_open_orc_temple
Lab:      labyrinth_mini_lab, nicolae_lab_x, nicolae_lab_grate, lab_block,
          nicolae_lab_dead_end, labyrinth_lava_lair, nicolae_lab_very_dead_end,
          nicolae_lab_quarters, nicolae_lab_starburst, nicolae_lab_garden,
          lab_statue, nicolae_lab_stuck, nicolae_lab_t_cross, nicolae_lab_swirl,
          nicolae_lab_lava, labyrinth_fake_exit, nicolae_lab_blocks,
          nicolae_lab_hexagon, nicolae_lab_flowing_pool
Bailey:   bailey_polearm_1, bailey
IceCv:    ice_cave_tombish
Volcano:  volcano_lake

Action                   |  1- 3 |  4- 6 |  7- 9 | 10-12 | 13-15 | 16-18 || total
-------------------------+-------+-------+-------+-------+-------+-------++-------
Melee: Falchion          |   137 |       |       |       |       |       ||   137
       Short sword       |       |   158 |       |       |       |       ||   158
       Dagger            |       |   112 |   594 |       |       |       ||   706
       Long sword        |       |       |    97 |   926 |    68 |       ||  1091
       Great sword       |       |       |       |   125 |       |       ||   125
       Demon blade       |       |       |       |       |  1910 |   400 ||  2310
Invok: Evolution         |       |       |       |    15 |    13 |     1 ||    29
       Growth            |       |       |       |     1 |       |       ||     1
       Reproduction      |       |       |       |       |     3 |       ||     3
       Sunlight          |       |       |       |       |     1 |     1 ||     2
 Abil: Breathe Fire      |       |       |     6 |    22 |    16 |     5 ||    49
Evoke: Wand              |       |       |       |     4 |       |       ||     4
  Use: Scroll            |       |       |    13 |    12 |    15 |     2 ||    42
       Potion            |       |       |     3 |     8 |     2 |       ||    13
 Stab: Paralysed         |       |     6 |     4 |       |       |       ||    10
       Petrifying        |       |     3 |     2 |       |       |       ||     5
       Petrified         |       |     1 |     2 |       |       |       ||     3
       Confused          |       |       |     1 |     3 |     5 |     2 ||    11
       Sleeping          |       |       |     1 |     6 |     6 |     1 ||    14
       Distracted        |       |       |       |       |     6 |       ||     6
  Eat: Chunk             |     2 |     7 |     9 |    23 |    19 |     6 ||    66
       Beef jerky        |       |     1 |     3 |     1 |     2 |     3 ||    10
       Fruit             |       |       |     2 |     3 |     2 |       ||     7
       Bread ration      |       |       |     1 |     4 |     1 |       ||     6
       Pizza             |       |       |       |     1 |     4 |       ||     5
       Royal jelly       |       |       |       |       |     2 |     1 ||     3
       Meat ration       |       |       |       |       |     3 |       ||     3
